 Dungeon Crawl Stone Soup version 0.30-a0-651-g0755cc6dcf (webtiles) character file.

Game seed: 12220380962246794927

221 CoinPitGoblin the Digger (level 5, -2/28 HPs)
             Began as a Gargoyle Earth Elementalist on Jan 18, 2023.
             Was an Initiate of Yredelemnul.
             Killed by divine providence
             ... invoked by an orc priest
              (12 damage)
             ... on level 4 of the Dungeon.
             The game lasted 00:03:53 (3148 turns).

CoinPitGoblin the Digger (GrEE)                     Turns: 3148, Time: 00:03:54

Health: -2/28      AC:  8    Str: 12    XL:     5   Next: 98%
Magic:  7/11       EV: 12    Int: 17    God:    Yredelemnul [......]
Gold:   129        SH:  0    Dex: 10    Spells: 6/12 levels left

rFire   . . .      SeeInvis .    d - +1 short sword
rCold   . . .      Faith    .    (no shield)
rNeg    + . .      Spirit   .    a - +0 robe
rPois   ∞          Reflect  .    k - +0 helmet
rElec   +          Harm     .    (no cloak)
rCorr   .          Rampage  .    h - +0 pair of gloves
Will    .....                    (no boots)
Stlth   ++                       (no amulet)
HPRegen 0.24/turn                (no ring)
MPRegen 0.12/turn                (no ring)

@: no status effects
A: sickness immunity, AC +4, negative energy resistance 1, electricity
resistance, torment resistance 1, petrification resistance
a: Renounce Religion, Recall Undead Harvest


You were on level 4 of the Dungeon.
You worshipped Yredelemnul.
Yredelemnul was noncommittal.
You visited 2 branches of the dungeon, and saw 5 of its levels.

You collected 129 gold pieces.

Inventory:

Hand Weapons
 d - a +1 short sword (weapon)
Armour
 a - a +0 robe (worn)
 h - a +0 pair of gloves (worn)
 k - a +0 helmet (worn)
Jewellery
 q - a ring of fire
Scrolls
 e - 2 scrolls of vulnerability {unknown}
 f - a scroll of silence {unknown}
 g - 2 scrolls of enchant armour {unknown}
 i - 2 scrolls of magic mapping {unknown}
 o - a scroll of enchant weapon
 p - 2 scrolls of identify {unknown}
 r - a scroll of acquirement {unknown}
Potions
 b - a potion of magic
 c - 5 potions of attraction {unknown}
 j - a potion of cancellation {unknown}
 l - a potion of brilliance {unknown}
 m - a potion of curing
 n - 3 potions of heal wounds {unknown}


   Skills:
 + Level 1.8 Dodging
 - Level 2.1 Stealth
 + Level 4.1 Spellcasting
 - Level 0.7 Transmutations
 + Level 5.8 Earth Magic


You had 6 spell levels left.
You knew the following spells:

 Your Spells              Type           Power      Damage    Failure   Level
a - Stone Arrow           Conj/Erth      26%        3d8       14%         3
q - Sandblast             Erth           46%        2d11      1%          1
z - Passwall              Tmut/Erth      11%        N/A       6%          2

Your spell library contained the following spells:

 Spells                   Type           Power      Damage    Failure   Level
 Lesser Beckoning         Tloc           6%         N/A       24%         2
 Petrify                  Tmut/Erth      14%        N/A       38%         4
 Gell's Gravitas          Tloc           3%         N/A       43%         3
 Portal Projectile        Hex/Tloc       6%         N/A       43%         3
 Teleport Other           Tloc           3%         N/A       43%         3
 Tukima's Dance           Hex            3%         N/A       43%         3
 Blade Hands              Tmut           3%         N/A       97%         5


Dungeon Overview and Level Annotations

Branches:
Dungeon (4/15)             Temple (1/1) D:4

Altars:
Ashenzari
Cheibriados
Dithmenos
Fedhas
Gozag
Hepliaklqana
Kikubaaqudgha
Nemelex Xobeh
Okawaru
Ru
Sif Muna
Trog
Uskayaw
Vehumet
Yredelemnul
Zin
The Shining One


Innate Abilities, Weirdness & Mutations

You are immune to sickness and miasma.
Your stone body is resilient. (AC +4)
You are immune to poison.
You resist negative energy. (rN+)
You are resistant to electric shocks. (rElec)
You are resistant to unholy torment.
You are immune to petrification.


Message History

The magic dart hits you.
The orc wizard hits you but does no damage.
The orc priest hits you with a +0 club.
Your goblin zombie barely misses the orc wizard.
The orc priest attacks as you move away!
The orc priest hits you but does no damage.
The orc wizard attacks as you move away!
The orc wizard hits you but does no damage.
Your goblin zombie closely misses the orc wizard.
The orc priest closely misses your goblin zombie.
The orc wizard gestures at you while chanting.
Your goblin zombie appears confused.
The orc wizard hits your goblin zombie with a +0 dagger.
Something hits your goblin zombie.
The orc barely misses your goblin zombie.
The orc attacks as you move away! The orc misses you.
Your goblin zombie hits the orc wizard but does no damage.
The orc wizard hits your goblin zombie with a +0 dagger.
The orc priest hits your goblin zombie with a +0 hand axe!
Your goblin zombie is destroyed!
The orc wizard hits your goblin zombie with a +0 dagger.
Your goblin zombie closely misses the orc.
The blast of sand hits the orc!
You kill the orc!
The orc wizard hits your goblin zombie with a +0 dagger.
The orc wizard hits something with a +0 dagger.
The orc priest calls down the wrath of Beogh upon you.
Beogh smites you!
Your goblin zombie hits the orc priest.
You are too injured to fight recklessly!
Aiming: Sandblast (safe; 1% risk of failure)
Press: ? - help, Q - select action, (/) - cycle Shift-Dir - straight line, f - orc priest
Aim: an orc priest, wielding a +0 club and wearing a +0 scale mail (lightly wounded, 85% to hit)
The blast of sand hits the orc priest.
The orc priest is moderately wounded.
The orc wizard hits your goblin zombie with a +0 dagger.
Your goblin zombie closely misses the orc wizard.
The orc priest mumbles some strange prayers to Beogh against you.
Beogh smites you!
You die...
Your body rises from the dead as a mindless zombie.

$........#.)...#...#.#
##.....###.)>..###.#.#
.........#.....#...#.#
#..............##<#####
≈..
#..<....###...###.#..)#
≈.≈ #........#...##
#.#$..#.≈.§
#(.......#..##
#.#...#.≈.≈
#...##.....o###
##.....#.≈.≈ #.##
#####.@)Z###........≈.§
#( ####oo..........≈..
# #...o......<..≈≈≈
#.......#..........
#..#.##....(..o.....
...... ..#.........#
.###... #.#.........#
...## .#.........# #.##
.#.#########


You could see 2 orc priests, 2 orc wizards and a friendly goblin zombie
(confused).

Vanquished Creatures
  3 orc priests
  6 adders
  A worm (D:3)
  3 dart slugs
  5 orcs
  6 endoplasms
  4 giant cockroaches
  5 goblins
  5 hobgoblins
  5 jackals (D:1)
  2 quokkas (D:2)
  4 ball pythons
  3 bats
  4 frilled lizards
  5 kobolds
  5 rats
66 creatures vanquished.

Vanquished Creatures (others)
  A ball python zombie (D:4)
  An endoplasm zombie (D:4)
  A goblin zombie (D:4)
3 creatures vanquished.

Grand Total: 69 creatures vanquished

Notes
Turn   | Place    | Note
-------+----------+-------------------------------------------
     0 | D:1      | CoinPitGoblin the Gargoyle Earth Elementalist began the
                  | quest for the Orb.
     0 | D:1      | Reached XP level 1. HP: 10/10 MP: 3/3
   260 | D:1      | Reached skill level 4 in Earth Magic
   418 | D:1      | Reached XP level 2. HP: 15/15 MP: 3/5
   853 | D:1      | Reached XP level 3. HP: 19/19 MP: 6/6
  1020 | D:1      | Learned a level 2 spell: Passwall
  1024 | D:1      | Learned a level 3 spell: Stone Arrow
  1685 | D:2      | Reached skill level 5 in Earth Magic
  1685 | D:2      | Reached XP level 4. HP: 24/24 MP: 6/8
  2313 | D:3      | Reached XP level 5. HP: 28/28 MP: 7/9
  2967 | D:4      | Found a shadowy altar of Dithmenos.
  2981 | D:4      | Found a staircase to the Ecumenical Temple.
  2992 | Temple   | Entered the Ecumenical Temple
  3080 | Temple   | Became a worshipper of Yredelemnul the Dark
  3131 | D:4      | Reached * piety under Yredelemnul
  3148 | D:4      | Killed from afar by an orc priest

Illustrated notes

Levels and vault maps discovered:
D:1:      dpeg_arrival_simpleton_b, layout_basic
D:2:      layout_loops_ring
D:3:      layout_loops_cross, minmay_bisected
D:4:      layout_rooms, mainiacjoe_overflow_concentric_impassable,
          minmay_temple_entry_tees
Temple:   nicolae_temple_x_marks_the_god

Skill      XL: |  1  2  3  4  5 |
---------------+----------------+-----
Earth Magic    | 4 5 |  5.8
Spellcasting   | 3 4 |  4.1
Dodging        | |  1.8
Stealth        | |  2.1
Transmutations | |  0.7

Action                   |  1- 3 |  4- 6 || total
-------------------------+-------+-------++-------
Melee: Short sword       |     7 |     1 ||     8
       Unarmed           |     3 |       ||     3
 Cast: Sandblast         |    47 |    46 ||    93
  Use: Scroll            |     1 |       ||     1
       Potion            |     1 |       ||     1
 Stab: Sleeping          |     1 |       ||     1
Armor: Robe              |    11 |    12 ||    23
Dodge: Dodged            |    20 |    13 ||    33

Table legend: (Time is in decaauts)
 A = Elapsed time spent in this place.
 B = Non-inter-level travel time spent in this place.
 C = Inter-level travel time spent in this place.
 D = Time resting spent in this place.
 E = Time spent auto-exploring this place.
 F = Levels seen in this place.
 G = Mean time per level.
                   A        B        C        D        E       F      G
               +--------+--------+--------+--------+--------+-----+--------+
         Total |   3195 |   2965 |    230 |     49 |   2480 |   5 |  639.0 |
       Dungeon |   3096 |   2875 |    221 |     49 |   2412 |   4 |  774.0 |
        Temple |     98 |     89 |      9 |      0 |     68 |   1 |   98.0 |
               +--------+--------+--------+--------+--------+-----+--------+

Top non-repeatable levels by time:
     D:1: 1191 daAuts
     D:2: 1037 daAuts
     D:3: 790 daAuts
  Temple: 98 daAuts
     D:4: 76 daAuts
